TOP OF THE 1ST |
Iowa State Cyclones batting - Pitching for Penn State Nittany Lions : RHP Frank Allen
|
Pitching: RHP Frank Allen
|
|
Batting: RHB Pedro Rivera
|
0-0: Ball 1-0: Called Strike 1-1: Swinging Strike 1-2: Ball 2-2: Ball 3-2: Foul Ball, location: 2F 3-2: Foul Ball, location: 2F 3-2: Base on Balls
|
Batting: RHB Robert Snyder
|
0-0: Ball 1-0: Swinging Strike 1-1: Foul Ball, location: 2F 1-2: Ball 2-2: Foul Ball, location: 2F 2-2: Ball 3-2: Base on Balls Pedro Rivera to second
|
Batting: LHB Mike O'Bryan
|
0-0: Ball Pedro Rivera steals 3rd base Robert Snyder to second 1-0: Ground out 4-3 (Groundball, 4) Pedro Rivera scores Robert Snyder to third
|
Batting: RHB Shane Marshall
|
0-0: DOUBLE (Line Drive, 78M) Robert Snyder scores
|
Batting: LHB Ángel Pérez
|
0-0: SINGLE (Groundball, 34S) (infield hit) Shane Marshall to third
|
Batting: RHB Paco Camacho
|
0-0: Ball 1-0: Ball 2-0: Foul Ball, location: 2F 2-1: Ball 3-1: Swinging Strike 3-2: Strikes out swinging
|
Batting: RHB Paul Teague
|
Pickoff Throw to First - Out!
|
Top of the 1st over - 2 run(s), 2 hit(s), 0 error(s), 0 left on base; Iowa State 2 - Penn State 0 |
BOTTOM OF THE 1ST |
Penn State Nittany Lions batting - Pitching for Iowa State Cyclones : RHP Samuel Simmons
|
Pitching: RHP Samuel Simmons
|
|
Batting: RHB Kip Murphy
|
0-0: Ball 1-0: Called Strike 1-1: Swinging Strike 1-2: Ball 2-2: Strikes out swinging
|
Batting: LHB Bryan Peña
|
0-0: Foul Ball, location: 2F 0-1: Ball 1-1: Swinging Strike 1-2: SINGLE (Groundball, 6D)
|
Batting: LHB Gary Lynn
|
0-0: Called Strike 0-1: Swinging Strike 0-2: Foul Ball, location: 2F 0-2: Ball 1-2: Foul Ball, location: 2F 1-2: Ball 2-2: Ground out U3 (Groundball, 3) Bryan Peña to second
|
Batting: RHB Larry Crawford
|
0-0: Ball 1-0: Foul Ball, location: 2F 1-1: Foul Ball, location: 2F 1-2: SINGLE (Line Drive, 89S) Bryan Peña to third Runner from 3rd tries for Home, SAFE, throw made home
|
Batting: LHB Ángel Santos
|
0-0: Ball 1-0: Ball 2-0: Ball 3-0: Base on Balls Larry Crawford to second
|
Batting: RHB Mike Caldwell
|
0-0: Foul Ball, location: 2F 0-1: Swinging Strike 0-2: Ball 1-2: Strikes out swinging
|
Bottom of the 1st over - 1 run(s), 2 hit(s), 0 error(s), 2 left on base; Iowa State 2 - Penn State 1 |
TOP OF THE 2ND |
Iowa State Cyclones batting - Pitching for Penn State Nittany Lions : RHP Frank Allen
|
Batting: RHB Paul Teague
|
0-0: Swinging Strike 0-1: Foul Ball, location: 2F 0-2: Strikes out swinging
|
Batting: SHB Dan Stone
|
0-0: Ball 1-0: Called Strike 1-1: SINGLE (Flyball, 78S)
|
Batting: RHB Russell Cook
|
0-0: Called Strike 0-1: Called Strike 0-2: SINGLE (Line Drive, 9S) Dan Stone to second
|
Batting: RHB Pedro Rivera
|
0-0: Foul Ball, location: 2F 0-1: Foul Ball, location: 2F 0-2: Foul Ball, location: 2F 0-2: Ball 1-2: Strikes out swinging
|
Batting: RHB Robert Snyder
|
0-0: Ball 1-0: SINGLE (Flyball, 9LM) Dan Stone to third Russell Cook to second
|
Batting: LHB Mike O'Bryan
|
0-0: Called Strike 0-1: Called Strike 0-2: Ball 1-2: SINGLE (Line Drive, 4D) Dan Stone scores Russell Cook to third Robert Snyder to second Runner from 3rd tries for Home, SAFE, no throw
|
Batting: RHB Shane Marshall
|
0-0: Ball Wild Pitch! Robert Snyder to third Mike O'Bryan to second 1-0: Called Strike 1-1: Foul Ball, location: 2F 1-2: Ball 2-2: Ball 3-2: Foul Ball, location: 2F 3-2: Ground out 4-3 (Groundball, 4)
|
Top of the 2nd over - 2 run(s), 4 hit(s), 0 error(s), 2 left on base; Iowa State 4 - Penn State 1 |
BOTTOM OF THE 2ND |
Penn State Nittany Lions batting - Pitching for Iowa State Cyclones : RHP Samuel Simmons
|
Batting: RHB José Rodríguez
|
0-0: Called Strike 0-1: Ball 1-1: Ball 2-1: Foul Ball, location: 2F 2-2: Foul Ball, location: 2F 2-2: Foul Ball, location: 2F 2-2: Fly out, F4 (Line Drive, 4)
|
Batting: LHB James Macías
|
0-0: Ball 1-0: Swinging Strike 1-1: Ball 2-1: Fly out, F9 (Flyball, 89M)
|
Batting: RHB Ron Hale
|
0-0: TRIPLE (Flyball, 9LM)
|
Batting: RHB Kip Murphy
|
0-0: SINGLE (Line Drive, 9) Ron Hale scores
|
Batting: LHB Bryan Peña
|
0-0: Ball Kip Murphy is caught stealing 2nd base
|
Bottom of the 2nd over - 1 run(s), 2 hit(s), 0 error(s), 0 left on base; Iowa State 4 - Penn State 2 |
TOP OF THE 3RD |
Iowa State Cyclones batting - Pitching for Penn State Nittany Lions : RHP Frank Allen
|
Batting: LHB Ángel Pérez
|
0-0: SINGLE (Groundball, 56D)
|
Batting: RHB Paco Camacho
|
0-0: Ball 1-0: Called Strike 1-1: SINGLE (Flyball, 78S) Ángel Pérez to second
|
Batting: RHB Paul Teague
|
0-0: Ball 1-0: Ball 2-0: Called Strike 2-1: Grounds into double play, 1-6-3 (Groundball, 13) Ángel Pérez to third
|
Batting: SHB Dan Stone
|
0-0: Called Strike 0-1: Ground out 5-3 (Groundball, 5)
|
Top of the 3rd over - 0 run(s), 2 hit(s), 0 error(s), 1 left on base; Iowa State 4 - Penn State 2 |
BOTTOM OF THE 3RD |
Penn State Nittany Lions batting - Pitching for Iowa State Cyclones : RHP Samuel Simmons
|
Batting: LHB Bryan Peña
|
0-0: Called Strike 0-1: Ball 1-1: Foul Ball, location: 2F 1-2: Ball 2-2: Strikes out swinging
|
Batting: LHB Gary Lynn
|
0-0: Foul Ball, location: 2F 0-1: Fly out, F8 (Flyball, 8RM)
|
Batting: RHB Larry Crawford
|
0-0: Fly out, F8 (Flyball, 8RD)
|
Bottom of the 3rd over - 0 run(s), 0 hit(s), 0 error(s), 0 left on base; Iowa State 4 - Penn State 2 |
TOP OF THE 4TH |
Iowa State Cyclones batting - Pitching for Penn State Nittany Lions : RHP Frank Allen
|
Batting: RHB Russell Cook
|
0-0: Called Strike 0-1: Single, Error in OF, E7, batter to second base
|
Batting: RHB Pedro Rivera
|
0-0: Fly out, F7 (Flyball, 78M)
|
Batting: RHB Robert Snyder
|
0-0: Ground out 4-3 (Groundball, 4S) Russell Cook to third
|
Batting: LHB Mike O'Bryan
|
0-0: Ball 1-0: Fly out, F3 (Popup, 3L)
|
Top of the 4th over - 0 run(s), 1 hit(s), 1 error(s), 1 left on base; Iowa State 4 - Penn State 2 |
BOTTOM OF THE 4TH |
Penn State Nittany Lions batting - Pitching for Iowa State Cyclones : RHP Samuel Simmons
|
Batting: LHB Ángel Santos
|
0-0: Ball 1-0: Foul Ball, location: 2F 1-1: Ball 2-1: Swinging Strike 2-2: Ball 3-2: Strikes out swinging
|
Batting: RHB Mike Caldwell
|
0-0: Called Strike 0-1: Ball 1-1: Ball 2-1: Ball 3-1: Foul Ball, location: 2F 3-2: Base on Balls
|
Batting: RHB José Rodríguez
|
0-0: SINGLE (Line Drive, 7S) Mike Caldwell to second
|
Batting: LHB James Macías
|
0-0: Swinging Strike 0-1: SINGLE (Flyball, 8RS) Mike Caldwell to third José Rodríguez to second
|
Batting: RHB Ron Hale
|
0-0: Foul Ball, location: 2F 0-1: Ball Wild Pitch! Mike Caldwell scores José Rodríguez to third James Macías to second 1-1: Swinging Strike 1-2: Strikes out swinging
|
Batting: RHB Kip Murphy
|
0-0: Foul Ball, location: 2F 0-1: DOUBLE (Line Drive, 9) José Rodríguez scores James Macías scores
|
Batting: LHB Bryan Peña
|
0-0: Ball 1-0: Foul Ball, location: 2F 1-1: Swinging Strike 1-2: SINGLE (Flyball, 78M) - OUT at second base trying to stretch hit. Kip Murphy scores
|
Bottom of the 4th over - 4 run(s), 4 hit(s), 0 error(s), 0 left on base; Iowa State 4 - Penn State 6 |
TOP OF THE 5TH |
Iowa State Cyclones batting - Pitching for Penn State Nittany Lions : RHP Frank Allen
|
Batting: RHB Shane Marshall
|
0-0: Swinging Strike 0-1: Ball 1-1: Ball 2-1: Called Strike 2-2: Foul Ball, location: 2F 2-2: Strikes out swinging
|
Batting: LHB Ángel Pérez
|
0-0: Foul Ball, location: 2F 0-1: Called Strike 0-2: Strikes out swinging
|
Batting: RHB Paco Camacho
|
0-0: Foul Ball, location: 2F 0-1: Foul Ball, location: 2F 0-2: Fly out, F9 (Flyball, 9S)
|
Top of the 5th over - 0 run(s), 0 hit(s), 0 error(s), 0 left on base; Iowa State 4 - Penn State 6 |
BOTTOM OF THE 5TH |
Penn State Nittany Lions batting - Pitching for Iowa State Cyclones : RHP Samuel Simmons
|
Pitching: RHP Ángel Rodríguez
|
|
Batting: LHB Gary Lynn
|
0-0: Swinging Strike 0-1: Foul Ball, location: 2F 0-2: Foul Ball, location: 2F 0-2: Ground out 4-3 (Groundball, 34D)
|
Batting: RHB Larry Crawford
|
0-0: Ball 1-0: Ground out U3 (Groundball, 34)
|
Batting: LHB Ángel Santos
|
0-0: Ball 1-0: Foul Ball, location: 2F 1-1: Swinging Strike 1-2: SINGLE (Line Drive, 78S)
|
Batting: RHB Mike Caldwell
|
0-0: Fielders Choice at 2nd, 6-4 (Groundball, 6)
|
Bottom of the 5th over - 0 run(s), 1 hit(s), 0 error(s), 0 left on base; Iowa State 4 - Penn State 6 |
TOP OF THE 6TH |
Iowa State Cyclones batting - Pitching for Penn State Nittany Lions : RHP Frank Allen
|
Pitching: LHP Ryan Roach
|
|
Batting: RHB Paul Teague
|
0-0: Called Strike 0-1: Ball 1-1: Called Strike 1-2: Strikes out swinging
|
Batting: SHB Dan Stone
|
0-0: Called Strike 0-1: Fly out, F9 (Flyball, 89S)
|
Batting: RHB Russell Cook
|
0-0: Ball 1-0: Foul Ball, location: 2F 1-1: Foul Ball, location: 2F 1-2: Ball 2-2: Foul Ball, location: 2F 2-2: Strikes out looking
|
Top of the 6th over - 0 run(s), 0 hit(s), 0 error(s), 0 left on base; Iowa State 4 - Penn State 6 |
BOTTOM OF THE 6TH |
Penn State Nittany Lions batting - Pitching for Iowa State Cyclones : RHP Ángel Rodríguez
|
Batting: RHB José Rodríguez
|
0-0: Ball 1-0: Foul Ball, location: 2F 1-1: Ball 2-1: Called Strike 2-2: Strikes out swinging
|
Batting: LHB James Macías
|
0-0: Ball 1-0: Swinging Strike 1-1: Ball 2-1: Called Strike 2-2: Ball 3-2: Strikes out swinging
|
Batting: RHB Ron Hale
|
0-0: Ball 1-0: Ball 2-0: Fly out, F6 (Line Drive, 6)
|
Bottom of the 6th over - 0 run(s), 0 hit(s), 0 error(s), 0 left on base; Iowa State 4 - Penn State 6 |
TOP OF THE 7TH |
Iowa State Cyclones batting - Pitching for Penn State Nittany Lions : LHP Ryan Roach
|
Batting: RHB Pedro Rivera
|
0-0: Ground out 1-3 (Groundball, 15)
|
Batting: RHB Robert Snyder
|
0-0: Called Strike 0-1: SINGLE (Line Drive, 4MD)
|
Batting: LHB Mike O'Bryan
|
0-0: Ball 1-0: Called Strike 1-1: Foul Ball, location: 2F 1-2: Ball 2-2: Foul Ball, location: 2F 2-2: Foul Ball, location: 2F 2-2: Fly out, F9 (Flyball, 9LM)
|
Batting: RHB Shane Marshall
|
0-0: Ball 1-0: Ground out 5-3 (Groundball, 56S)
|
Top of the 7th over - 0 run(s), 1 hit(s), 0 error(s), 1 left on base; Iowa State 4 - Penn State 6 |
BOTTOM OF THE 7TH |
Penn State Nittany Lions batting - Pitching for Iowa State Cyclones : RHP Ángel Rodríguez
|
Batting: RHB Kip Murphy
|
0-0: Called Strike 0-1: Ball 1-1: Foul Ball, location: 2F 1-2: Ball 2-2: Ball 3-2: Base on Balls
|
Pitching: LHP Raúl Rivas
|
|
Batting: LHB Bryan Peña
|
0-0: Ball 1-0: Sac Bunt - play at first, batter safe! Kip Murphy to second
|
Pitching: LHP Barry Perkins
|
|
Batting: LHB Gary Lynn
|
0-0: DOUBLE (Line Drive, 89M) Kip Murphy scores Bryan Peña to third
|
Batting: RHB Larry Crawford
|
0-0: Intentional Walk
|
Batting: LHB Ángel Santos
|
0-0: SINGLE (Groundball, 4D) Bryan Peña scores Gary Lynn to third Larry Crawford to second Runner from 3rd tries for Home, throw and OUT!
|
Batting: RHB Mike Caldwell
|
0-0: Foul Ball, location: 2F 0-1: Ball 1-1: Ball 2-1: Foul Ball, location: 2F 2-2: Foul Ball, location: 2F 2-2: SINGLE (Line Drive, 6M) Larry Crawford to third Ángel Santos to second
|
Batting: RHB José Rodríguez
|
0-0: Ball 1-0: Foul Ball, location: 2F 1-1: Foul Ball, location: 2F 1-2: Ball Balk! Larry Crawford scores Ángel Santos to third Mike Caldwell to second 2-2: SINGLE (Groundball, 34D) Ángel Santos scores Mike Caldwell to third
|
Batting: LHB James Macías
|
0-0: Ball 1-0: Called Strike 1-1: Ball 2-1: SINGLE (Line Drive, 8RS) Mike Caldwell scores José Rodríguez to second Runner from 2nd tries for 3rd, SAFE, no throw
|
Pitching: LHP Jorge Rinlón
|
|
Batting: RHB Ron Hale
|
0-0: Ball 1-0: SINGLE (Groundball, 6MD) José Rodríguez scores James Macías to second
|
Batting: RHB Kip Murphy
|
0-0: Ball 1-0: Ball 2-0: Called Strike 2-1: Swinging Strike 2-2: Strikes out looking
|
Batting: LHB Bryan Peña
|
0-0: Ball 1-0: Ball 2-0: Called Strike 2-1: Fly out, F7 (Flyball, 7)
|
Bottom of the 7th over - 6 run(s), 7 hit(s), 0 error(s), 2 left on base; Iowa State 4 - Penn State 12 |
TOP OF THE 8TH |
Iowa State Cyclones batting - Pitching for Penn State Nittany Lions : LHP Ryan Roach
|
Batting: LHB Ángel Pérez
|
0-0: Ball 1-0: Ball 2-0: Ball 3-0: Called Strike 3-1: Foul Ball, location: 2F 3-2: Strikes out swinging
|
Batting: RHB Paco Camacho
|
0-0: Swinging Strike 0-1: Ball 1-1: Ball 2-1: Foul Ball, location: 2F 2-2: Ball 3-2: Foul Ball, location: 2F 3-2: Foul Ball, location: 2F 3-2: Strikes out swinging
|
Batting: RHB Paul Teague
|
0-0: Ball 1-0: Ball 2-0: Ball 3-0: Called Strike 3-1: Ground out 5-3 (Groundball, 56)
|
Top of the 8th over - 0 run(s), 0 hit(s), 0 error(s), 0 left on base; Iowa State 4 - Penn State 12 |
BOTTOM OF THE 8TH |
Penn State Nittany Lions batting - Pitching for Iowa State Cyclones : LHP Jorge Rinlón
|
Batting: LHB Gary Lynn
|
0-0: Ball 1-0: Called Strike 1-1: Ball 2-1: Called Strike 2-2: Strikes out swinging
|
Batting: RHB Larry Crawford
|
0-0: Ball 1-0: Foul Ball, location: 2F 1-1: Swinging Strike 1-2: Strikes out swinging
|
Batting: LHB Ángel Santos
|
0-0: Ball 1-0: Ball 2-0: Ball 3-0: Base on Balls
|
Batting: RHB Mike Caldwell
|
0-0: Ball 1-0: Foul Ball, location: 2F 1-1: Ball 2-1: Swinging Strike 2-2: Ball 3-2: Foul Ball, location: 2F 3-2: Base on Balls Ángel Santos to second
|
Batting: RHB José Rodríguez
|
0-0: Ball 1-0: Called Strike 1-1: Ball 2-1: Ball 3-1: Base on Balls Ángel Santos to third Mike Caldwell to second
|
Batting: LHB James Macías
|
0-0: Called Strike
|
|
|
|
0-1: Called Strike 0-2: Foul Ball, location: 2F 0-2: Ball 1-2: Foul Ball, location: 2F 1-2: Strikes out swinging
|
Bottom of the 8th over - 0 run(s), 0 hit(s), 0 error(s), 3 left on base; Iowa State 4 - Penn State 12 |
TOP OF THE 9TH |
Iowa State Cyclones batting - Pitching for Penn State Nittany Lions : LHP Ryan Roach
|
Pitching: RHP Travis Weston
|
|
Batting: SHB Dan Stone
|
0-0: Swinging Strike 0-1: Called Strike 0-2: Strikes out looking
|
Batting: RHB Russell Cook
|
0-0: Ball 1-0: SINGLE (Groundball, 6MD)
|
Batting: RHB Pedro Rivera
|
0-0: Called Strike 0-1: Ball 1-1: Ball 2-1: 2-RUN HOME RUN (Line Drive, 7LD), Distance : 333 ft
|
Batting: RHB Robert Snyder
|
0-0: Called Strike 0-1: Ball 1-1: Fly out, F9 (Flyball, 89M)
|
Batting: LHB Mike O'Bryan
|
0-0: Single, Error in OF, E8, batter to second base
|
Batting: RHB Shane Marshall
|
0-0: Called Strike 0-1: Foul Ball, location: 2F 0-2: Foul Ball, location: 2F 0-2: Foul Ball, location: 2F 0-2: Ground out 4-3 (Groundball, 4)
|
Top of the 9th over - 2 run(s), 3 hit(s), 1 error(s), 1 left on base; Iowa State 6 - Penn State 12 |
|
Thursday, March 30th, 2017 - OOTP Baseball 17.12 Build 75
|
|